 Dungeon Crawl Stone Soup version 0.26.1-11-gd32895ea62 (webtiles) character file.

Game seed: 3430038691196009477

3610 dtburroughs the Fighter (level 9, -4/124 HPs)
             Began as a Minotaur Berserker on June 21, 2021.
             Was a Priest of Trog.
             Slain by a death yak (21 damage)
             ... on level 7 of the Dungeon.
             The game lasted 00:16:01 (8054 turns).

dtburroughs the Fighter (Minotaur Berserker)        Turns: 8054, Time: 00:16:01

Health: -4/124     AC: 15    Str: 22    XL:     9   Next: 86%
Magic:  8/8        EV:  9    Int:  7    God:    Trog [***...]
Gold:   716        SH:  0    Dex: 10    Spells: 8/8 levels left

rFire    . . .     SeeInvis .   k - +0 war axe
rCold    + . .     Faith    .   (no shield)
rNeg     . . .     Spirit   .   l - +0 plate armour
rPois    .         Reflect  .   (helmet restricted)
rElec    .         Harm     .   v - scarf {repulsion}
rCorr    .         Rampage  .   (no gloves)
Will     +++..                  r - +0 pair of boots
Stlth    ..........             w - amulet of the acrobat
HPRegen  1.30/turn              e - ring of willpower
MPRegen  0.11/turn              C - ring of protection from cold

@: berserking, regenerating, repel missiles, very quick
A: retaliatory headbutt, horns 2
a: Renounce Religion, Berserk, Trog's Hand


You were on level 7 of the Dungeon.
You worshipped Trog.
Trog was most pleased with you.
You visited 1 branch of the dungeon, and saw 8 of its levels.

You collected 716 gold pieces.

Inventory:

Hand Weapons
 a - a +0 hand axe
 b - a +1 hand axe of draining
 h - a +4 mace of protection
 k - a +0 war axe (weapon)
 m - a +0 dire flail
 o - a +0 morningstar
 D - a +0 whip of electrocution
Armour
 l - a +0 plate armour (worn)
 r - a +0 pair of boots (worn)
 v - a scarf of repulsion (worn)
Jewellery
 e - a ring of willpower (left hand)
 w - an amulet of the acrobat (around neck)
 C - a ring of protection from cold (right hand)
Scrolls
 d - 5 scrolls of teleportation
 f - 7 scrolls of remove curse
 j - a scroll of blinking {unknown}
 y - 2 scrolls of enchant armour {unknown}
 z - 2 scrolls of enchant weapon {unknown}
 A - 2 scrolls of immolation
 B - 2 scrolls of noise {unknown}
 E - a scroll of magic mapping {unknown}
Potions
 c - 3 potions of heal wounds
 i - 3 potions of curing
 p - a potion of attraction {unknown}
 q - 3 potions of might {unknown}
 s - a potion of mutation {unknown}
 u - a potion of ambrosia {unknown}
 x - a potion of magic {unknown}
 F - a potion of berserk rage {unknown}


   Skills:
 + Level 9.2 Fighting
 + Level 9.2 Axes
 + Level 8.9 Armour
 + Level 8.0 Dodging


You had 8 spell levels left.
You didn't know any spells.
Your spell library was empty.

Dungeon Overview and Level Annotations

Branches:
Dungeon (8/15)             Temple (0/1) D:7
   Lair: D:8-11

Altars:
Dithmenos
Fedhas
Qazlal
Ru
Zin


Innate Abilities, Weirdness & Mutations

You reflexively headbutt those who attack you in melee.
You have a pair of horns on your head.


Message History

Your plate armour prevents you from hitting the death yak.
Your headbutt misses the death yak.
The death yak is lightly wounded.
The death yak gores you!
You barely miss the death yak.
The death yak is lightly wounded.
The death yak gores you!
Your skin crawls.
You feel strong-willed. The death yak gores you!
You hit the death yak but do no damage.
The death yak is lightly wounded.
The death yak gores you!
You hit the death yak but do no damage. You headbutt the death yak.
The death yak is lightly wounded.
The death yak gores you!!
* * * LOW HITPOINT WARNING * * *
A red film seems to cover your vision as you go berserk!
You feel yourself moving faster!
You feel mighty! The death yak gores you!!
You die...

#......# ##...............#
####.####
#..........##.##.#
#......####............##.#
#.#.##.##...........#..##.#
#.#.##.##.......###...###.#
#.#)##.##.......# #..####.#
#.#.##.##.......# #.......#
#......##.......# ##.######
###.#####.@!....###.#.##
#.......>.Y....##.###.#
#..####(##########.#.##
#..####.####.## ##.##
###..#........#.## #.#
#.......#.##†###.## #.#
#.#..#..#.#.## ##.###.#
#.#........## ##.##.#
#.#####.###.## ##.....#


You could see a death yak.

Vanquished Creatures
  A death yak (D:7)
  Pikel (D:5)
  Sigmund (D:2)
  Edmund (D:5)
  2 sky beasts
  A black bear (D:6)
  5 ogres
  6 bullfrogs
  A wyvern skeleton (D:6)
  A scorpion (D:6)
  6 killer bees (D:7)
  2 bullfrog zombies
  A centaur zombie (D:8)
  A hound (D:5)
  A jelly (D:5)
  2 orc wizards (D:4)
  5 bullfrog skeletons
  2 iguanas
  Jessica (D:2)
  Natasha (twice) (D:2)
  7 worker ants
  A hound skeleton (D:5)
  A worker ant zombie (D:6)
  Robin (D:2)
  3 gnolls (D:2)
  8 adders
  A shadow imp (D:8)
  A white imp (D:7)
  An ufetubus (D:7)
  An adder zombie (D:6)
  A worm (D:5)
  A dart slug (D:1)
  2 leopard geckos
  8 orcs
  A ball python (D:3)
  8 bats
  A giant cockroach (D:2)
  11 goblins
  11 hobgoblins
  7 jackals
  A kobold (D:1)
  5 quokkas
  5 frilled lizards
  A jackal skeleton (D:4)
  A jackal zombie (D:5)
  8 rats
140 creatures vanquished.

Notes
Turn   | Place    | Note
-------+----------+-------------------------------------------
     0 | D:1      | dtburroughs the Minotaur Berserker began the quest for the
                  | Orb.
     0 | D:1      | Reached XP level 1. HP: 19/19 MP: 0/0
   329 | D:1      | Reached XP level 2. HP: 26/27 MP: 1/1
  1272 | D:2      | Noticed Robin
  1279 | D:2      | Noticed Jessica
  1284 | D:2      | Reached XP level 3. HP: 33/33 MP: 2/2
  1289 | D:2      | Killed Robin
  1290 | D:2      | Killed Jessica
  1291 | D:2      | Reached XP level 4. HP: 16/40 MP: 3/3
  1293 | D:2      | Reached ** piety under Trog
  1555 | D:2      | Noticed Natasha
  1559 | D:2      | Killed Natasha
  1654 | D:2      | Found a shadowy altar of Dithmenos.
  1773 | D:2      | Noticed Natasha
  1779 | D:2      | Killed Natasha
  1809 | D:2      | Found a stormy altar of Qazlal.
  1984 | D:2      | Reached XP level 5. HP: 45/47 MP: 4/4
  2123 | D:2      | Noticed Sigmund
  2129 | D:2      | Killed Sigmund
  2130 | D:2      | Reached skill level 5 in Fighting
  2130 | D:2      | Reached skill level 5 in Axes
  2130 | D:2      | Reached XP level 6. HP: 53/56 MP: 5/5
  3322 | D:4      | Reached skill level 5 in Armour
  3324 | D:4      | Reached *** piety under Trog
  3751 | D:4      | Found a sacrificial altar of Ru.
  3810 | D:4      | Reached XP level 7. HP: 61/62 MP: 6/6
  3986 | D:4      | You fall into a shaft and drop 3 floors!
  4099 | D:7      | Reached skill level 5 in Dodging
  4454 | D:6      | Reached XP level 8. HP: 70/71 MP: 7/7
  4592 | D:5      | Entered Level 5 of the Dungeon
  5266 | D:5      | Noticed Pikel
  5280 | D:5      | Killed Pikel
  5741 | D:5      | Reached XP level 9. HP: 78/81 MP: 8/8
  5956 | D:5      | Found a blossoming altar of Fedhas.
  6118 | D:5      | Noticed Edmund
  6134 | D:5      | Killed Edmund
  6870 | D:7      | Found a staircase to the Ecumenical Temple.
  7679 | D:8      | Found a glowing silver altar of Zin.
  7758 | D:8      | Noticed a death yak
  7760 | D:8      | Noticed a death yak
  7760 | D:8      | Noticed a death yak
  7786 | D:7      | Killed a death yak
  8054 | D:7      | Slain by a death yak

Illustrated notes

Levels and vault maps discovered:
D:1:      eino_arrival_tree_alley, layout_basic, serial_forest,
          infiniplex_forest_clump_diagonal, infiniplex_forest_clump_tiny,
          infiniplex_forest_diagonal, infiniplex_forest_lined_corner,
          infiniplex_forest_clump_double, infiniplex_forest_clump_curved,
          infiniplex_forest_end_2
D:2:      layout_loops_corners, nicolae_overflow_hidden_temple,
          grunt_dithmenos_smoke_and_mirrors, uniq_jessica, uniq_robin,
          uniq_natasha, uniq_sigmund
D:3:      layout_loops_ring
D:4:      layout_basic, general_overflow_altar
D:5:      minmay_polygon_palace, layout_basic, fedhas_altar_3, uniq_pikel,
          uniq_edmund
D:6:      layout_basic
D:7:      layout_loops_cross, temple_green, enter_bailey_4
D:8:      layout_gridville, lemuel_round_altar, kennysheep_mini_moat,
          dpeg_lair_monsters, gammafunk_ghost_abyssal_escape, serial_shops,
          nicolae_shop_stone, shop, minmay_ruined_shrine, uniq_maggie, uniq_grum

Skill      XL: |  1  2  3  4  5  6  7  8  9 |
---------------+----------------------------+-----
Fighting       | 4 5 6 7 9 |  9.2
Axes           | 4 5 6 7 9 |  9.2
Armour         | 3 4 5 6 7 8 |  8.9
Dodging        | 3 4 5 6 8 |  8.0

Action                   |  1- 3 |  4- 6 |  7- 9 || total
-------------------------+-------+-------+-------++-------
Melee: Hand axe          |    53 |       |       ||    53
       Headbutt          |     9 |    13 |    52 ||    74
       Mace              |       |     8 |       ||     8
       War axe           |       |    85 |   262 ||   347
Invok: Berserk           |     1 |       |     1 ||     2
       Trog's Hand       |       |     1 |     2 ||     3
  Use: Scroll            |       |       |     6 ||     6
Armor: Animal skin       |    10 |     2 |       ||    12
       Plate armour      |       |    62 |   172 ||   234
Dodge: Dodged            |    40 |    33 |   134 ||   207
